 Dungeon Crawl Stone Soup version 0.28.0-53-g5a82cb258f (webtiles) character file.

Game seed: 15004355814614185519

80 Plasmagod the Skirmisher (level 4, -7/37 HPs)
             Began as a Formicid Fighter on July 25, 2022.
             Killed by divine providence
             ... invoked by an orc priest
              (15 damage)
             ... on level 3 of the Dungeon.
             The game lasted 00:02:31 (2322 turns).

Plasmagod the Skirmisher (Formicid Fighter)         Turns: 2322, Time: 00:02:32

Health: -7/37      AC: 11    Str: 23    XL:     4   Next: 65%
Magic:  4/4        EV:  9    Int:  7    God:
Gold:   103        SH:  4    Dex: 10    Spells: 3/3 levels left

rFire   . . .      SeeInvis +   a - +0 quarterstaff
rCold   . . .      Faith    .   c - +0 buckler
rNeg    . . .      Spirit   .   b - +0 scale mail
rPois   .          Reflect  .   (helmet unavailable)
rElec   .          Harm     .   k - +2 cloak
rCorr   .          Rampage  .   j - +0 pair of gloves
Will    .....                   (no boots)
Stlth   ..........              (no amulet)
HPRegen 0.12/turn               (no ring)
MPRegen 0.09/turn               (no ring)

@: no status effects
A: permanent stasis, dig shafts and tunnels, antennae 3, four strong arms
a: Dig, Shaft Self


You were on level 3 of the Dungeon.
You visited 1 branch of the dungeon, and saw 3 of its levels.

You collected 103 gold pieces.

Inventory:

Hand Weapons
 a - a +0 quarterstaff (weapon)
Armour
 b - a +0 scale mail (worn)
 c - a +0 buckler (worn)
 j - a +0 pair of gloves (worn)
 k - a +2 cloak (worn)
Scrolls
 e - 2 scrolls of fear {unknown}
 f - 3 scrolls of identify {unknown}
 h - a scroll of silence {unknown}
 i - a scroll of brand weapon {unknown}
Potions
 d - 3 potions of might
 g - a potion of mutation {unknown}
 l - a potion of brilliance {unknown}


   Skills:
 + Level 4.1 Fighting
 + Level 3.0 Staves
 + Level 3.7 Armour
 + Level 0.3 Dodging
 + Level 0.4 Stealth
 + Level 3.9 Shields


You had 3 spell levels left.
You didn't know any spells.
Your spell library was empty.

Dungeon Overview and Level Annotations

Branches:
Dungeon (3/15)

Altars:


Innate Abilities, Weirdness & Mutations

You cannot be hasted, slowed, berserked, paralysed or teleported.
You can dig through walls and to a lower floor.
You have a pair of large antennae on your head. (SInv)
Your four strong arms can wield two-handed weapons with a shield.


Message History

There is an open door here.
There is a stone staircase leading down here.
You climb downwards.
The orc shouts!
The orc priest shouts!
You hear a shout!
Found an inky potion.
Found a stone staircase leading down.
There is a stone staircase leading up here.
Found a mace.
The orc hits you but does no damage.
An orc comes into view. It is wielding a +0 club.
An orc comes into view. It is wielding a +0 whip.
The orc shouts! x2
The orc closely misses you.
You hit the orc but do no damage. The orc hits you but does no damage.
You hit the orc but do no damage. The orc closely misses you.
A hobgoblin comes into view.
The orc hits you but does no damage.
You hit the orc.
The orc is heavily wounded.
You hit the orc but do no damage.
The orc is heavily wounded.
The orc barely misses you.
The orc priest invokes the aid of Beogh against you.
Beogh smites you! You block the orc's attack. The orc hits you with a +0 whip.
The orc hits you but does no damage.
The orc priest mumbles some strange prayers to Beogh against you.
Pain shoots through your body!
* * * LOW HITPOINT WARNING * * *
The orc hits you but does no damage. You block the orc's attack.
You hit the orc.
The orc is moderately wounded.
The orc barely misses you.
The orc hits you from afar with a +0 trident.
* * * LOW HITPOINT WARNING * * *
You sock the orc!
You kill the orc!
You block the orc priest's attack. The orc hits you but does no damage.
The orc barely misses you.
The orc priest calls down the wrath of Beogh upon you.
Beogh smites you!
You die...

##.#...##.>).
.........#.#
##.#...#....#
#....#.......
#.#........#
..###.#......#
.......o..##....
##.###g#o# .
#..@o# #...##
#...# #..###
.!.. .....
...... #.###


You could see an orc priest, 2 orcs and a hobgoblin.

Vanquished Creatures
  2 adders (D:2)
  3 gnolls (D:2)
  An orc (D:3)
  4 endoplasms
  5 goblins
  2 hobgoblins (D:1)
  2 kobolds
  3 quokkas (D:1)
  5 ball pythons
  3 bats
  2 frilled lizards (D:2)
  3 rats
35 creatures vanquished.

Vanquished Creatures (others)
  2 plants (D:1)
2 creatures vanquished.

Grand Total: 37 creatures vanquished

Notes
Turn   | Place    | Note
-------+----------+-------------------------------------------
     0 | D:1      | Plasmagod the Formicid Fighter began the quest for the Orb.
     0 | D:1      | Reached XP level 1. HP: 18/18 MP: 1/1
   350 | D:1      | Reached XP level 2. HP: 17/24 MP: 2/2
   746 | D:1      | Found a faded altar of an unknown god.
  1061 | D:1      | Reached XP level 3. HP: 30/30 MP: 3/3
  1302 | D:2      | Reached skill level 4 in Fighting
  1792 | D:2      | Reached XP level 4. HP: 30/37 MP: 4/4
  2322 | D:3      | Killed from afar by an orc priest

Illustrated notes

Levels and vault maps discovered:
D:1:      tarquinn_simple_flora_water_c, layout_loops_ring,
          hellmonk_ecumenical_altar_slurped_away, serial_forest,
          infiniplex_forest_end_2, infiniplex_forest_corner_2,
          infiniplex_forest_end_1, infiniplex_forest_clump_medium,
          infiniplex_forest_clump_long, infiniplex_forest_straight_2
D:2:      layout_basic
D:3:      layout_rooms, fedhas_altar_1, gammafunk_ghost_necromancy

Skill      XL: |  1  2  3  4 |
---------------+-------------+-----
Fighting       | 4 |  4.1
Staves         | 3 |  3.0
Armour         | |  3.7
Dodging        | |  0.3
Stealth        | |  0.4
Shields        | |  3.9

Action                   |  1- 3 |  4- 6 || total
-------------------------+-------+-------++-------
Melee: Quarterstaff      |    72 |    21 ||    93
Armor: Scale mail        |    44 |    10 ||    54
Dodge: Dodged            |    44 |    11 ||    55
Block: Buckler           |    11 |     7 ||    18
